 Dungeon Crawl Stone Soup version 0.29-a0-721-g7f417c9bbb (webtiles) character file.

Game seed: 13967904681640715321

31279 blackman the Severer (level 13, -2/95 HPs)
             Began as a Hill Orc Monk on June 27, 2022.
             Was a Priest of Beogh (penitent).
             Slain by a ten-headed hydra (10 damage)
             ... on level 14 of the Dungeon.
             The game lasted 00:48:13 (20387 turns).

blackman the Severer (Hill Orc Monk)               Turns: 20387, Time: 00:48:14

Health: -2/95      AC: 25    Str: 19    XL:     13   Next: 57%
Magic:  13/13      EV:  6    Int: 10    God:    Beogh [***...]
Gold:   826        SH: 15    Dex: 13    Spells: 12/12 levels left

rFire   + + .      SeeInvis .   t - +0 broad axe (distort)
rCold   + + .      Faith    .   e - +2 shield of Resistance {rF++ rC++ Will++}
rNeg    . . .      Spirit   .   Z - +0 plate armour
rPois   .          Reflect  .   T - +1 hat
rElec   .          Harm     .   m - +2 cloak
rCorr   .          Rampage  .   U - +0 pair of gloves
Will    ++...                   (no boots)
Stlth   ..........              (no amulet)
HPRegen 0.25/turn               d - +4 ring of protection
MPRegen 0.13/turn               H - ring of flight

@: flying, studying Armour
A: no striking features
a: Renounce Religion


You were on level 14 of the Dungeon.
You worshipped Beogh.
Beogh was demanding penance.
You visited 1 branch of the dungeon, and saw 14 of its levels.
You also visited: Bailey.

You collected 959 gold pieces.
You spent 133 gold pieces at shops.

Inventory:

Hand Weapons
 t - a +0 broad axe of distortion (weapon)
 I - a +6 halberd
 Q - a +2 trident of freezing
Missiles
 n - 39 poisoned darts (quivered)
 q - 5 curare-tipped darts
 N - a throwing net
 Y - 19 javelins
Armour
 e - the +2 shield of Resistance (worn) {rF++ rC++ Will++}
   (You found it on level 3 of the Dungeon)

   rF:        It greatly protects you from fire.
   rC:        It greatly protects you from cold.
   Will:      It greatly increases your willpower.
 m - a +2 cloak (worn)
 y - a +2 kite shield
 T - a +1 hat (worn)
 U - a +0 pair of gloves (worn)
 Z - a +0 plate armour (worn)
Jewellery
 d - a +4 ring of protection (left hand)
 H - a ring of flight (right hand)
 L - a +4 ring of protection
 O - a +6 ring of dexterity
 W - a +4 ring of evasion
Wands
 u - a wand of paralysis (17)
 v - a wand of flame (11)
 F - a wand of polymorph (4)
 R - a wand of iceblast (3)
Scrolls
 h - a scroll of immolation
 i - a scroll of brand weapon
 k - 6 scrolls of enchant armour
 p - a scroll of magic mapping {unknown}
 r - 3 scrolls of vulnerability
 x - 5 scrolls of teleportation
 A - 2 scrolls of amnesia
 C - a scroll of torment
 D - 3 scrolls of blinking
 J - a scroll of fear {unknown}
 K - 4 scrolls of enchant weapon
 M - 2 scrolls of poison {unknown}
 P - a scroll of summoning {unknown}
Potions
 c - 5 potions of ambrosia
 f - 5 potions of flight
 g - 4 potions of curing
 j - 2 potions of invisibility
 l - 2 potions of brilliance
 o - 2 potions of berserk rage
 s - 3 potions of haste {unknown}
 w - 5 potions of degeneration
 z - 4 potions of attraction {unknown}
 E - 2 potions of mutation
 G - 3 potions of cancellation
 S - 2 potions of lignification
 V - a potion of might {unknown}
 X - a potion of magic {unknown}


   Skills:
 - Level 3.6 Fighting
 * Level 17.9 Axes
 - Level 12.5 Armour
 - Level 2.4 Dodging
 - Level 1.5 Stealth
 * Level 16.1 Shields


You had 12 spell levels left.
You didn't know any spells.
Your spell library contained the following spells:

 Spells                   Type           Power      Damage    Failure   Level
 Necrotize                Necr           0%         1d4       100%        1
 Sandblast                Erth           0%         2d4       100%        1
 Slow                     Hex            0%         N/A       100%        1
 Blink                    Tloc           0%         N/A       100%        2
 Passwall                 Tmut/Erth      0%         N/A       100%        2
 Static Discharge         Conj/Air       0%         N/A       100%        2
 Confusing Touch          Hex            0%         N/A       100%        3
 Frozen Ramparts          Ice            0%         1d2       100%        3
 Gell's Gravitas          Tloc           0%         N/A       100%        3
 Lesser Beckoning         Tloc           0%         N/A       100%        3
 Stone Arrow              Conj/Erth      0%         3d7       100%        3
 Teleport Other           Tloc           0%         N/A       100%        3
 Vampiric Draining        Necr           0%         2d6       100%        3
 Animate Dead             Necr           0%         N/A       100%        4
 Dispel Undead            Necr           0%         3d6       100%        4
 Ice Form                 Ice/Tmut       0%         N/A       100%        4
 Petrify                  Tmut/Erth      0%         N/A       100%        4
 Sticky Flame             Conj/Fire      0%         2d3       100%        4
 Summon Ice Beast         Ice/Summ       0%         N/A       100%        4
 Agony                    Necr           0%         N/A       100%        5
 Manifold Assault         Tloc           0%         N/A       100%        5
 Metabolic Englaciation   Hex/Ice        0%         N/A       100%        5
 Statue Form              Tmut/Erth      0%         N/A       100%        6
 Haunt                    Necr/Summ      0%         N/A       100%        7
 Malign Gateway           Summ/Tloc      0%         N/A       100%        7
 Storm Form               Tmut/Air       0%         N/A       100%        7
 Infestation              Necr           0%         N/A       100%        8
 Summon Horrible Things   Summ           0%         N/A       100%        8


Dungeon Overview and Level Annotations

Branches:
Dungeon (14/15)            Temple (0/1) D:6            Lair (0/6) D:10
    Orc (0/2) D:12         Bailey (visited)
 Vaults: D:13-14

Altars:
Cheibriados
Elyvilon
Fedhas
Hepliaklqana
Nemelex Xobeh
Trog
Wu Jian
Zin
Beogh

Shops:
D:13 ?

Portals:
Trove: D:12 (give 4 potions of resistance)


Message History

The eight-headed hydra grows two more!
You slash the ten-headed hydra!
Space warps horribly around the ten-headed hydra!
The ten-headed hydra is heavily wounded.
You slash Bogbrand!
You kill Bogbrand!
That felt strangely unrewarding.
The ten-headed hydra bites you but does no damage.
You block the ten-headed hydra's attack. x2
The ten-headed hydra bites you but does no damage. x3
The ten-headed hydra closely misses you.
You block the ten-headed hydra's attack.
The ten-headed hydra bites you. The ten-headed hydra bites you!
The orc knight barely misses you.
You barely miss the ten-headed hydra.
The ten-headed hydra is heavily wounded.
You block the ten-headed hydra's attack. x2
The ten-headed hydra bites you but does no damage.
You block the ten-headed hydra's attack.
The ten-headed hydra bites you.
* * * LOW HITPOINT WARNING * * *
The ten-headed hydra bites you but does no damage. x2
The ten-headed hydra bites you.
* * * LOW HITPOINT WARNING * * *
The ten-headed hydra bites you but does no damage. x2
You block the orc knight's attack.
There is an open door, spattered with blood here.
Things that are here:
a +1 glaive; a +0 scale mail Unknown command.
The orc knight hits you with a +0 halberd!
* * * LOW HITPOINT WARNING * * *
You block the orc knight's attack.
The ten-headed hydra attacks as you move away!
You block the ten-headed hydra's attack.
The ten-headed hydra bites you but does no damage.
The ten-headed hydra barely misses you.
The ten-headed hydra bites you but does no damage.
You block the ten-headed hydra's attack.
The ten-headed hydra bites you!
You die...

##############
#.@..........#
#D#####......#
#o)W..#......######
#.#...#............
#.#...####.........
#.#......#.........
#.#......#.........
#.#......#.........
#.#......#........#


You could see a ten-headed hydra and an orc knight (strong).

Vanquished Creatures
  Gastronok (D:9)
  2 two-headed ogres
  An orc knight (D:14)
  Amaemon (D:8)
  A deep elf pyromancer (D:14)
  A salamander (shapeshifter) (D:13)
  2 unseen horrors
  Maggie (D:7)
  Grinder (D:4)
  A slime creature (D:12)
  A vampire (D:12)
  8 yaks
  A wraith (D:5)
  3 vampire mosquitoes
  A water moccasin (D:6)
  4 orc warriors
  A sky beast (D:6)
  A black bear (D:4)
  2 wolves (D:10)
  3 ogres
  12 centaurs
  2 kobold brigands
  2 phantoms (D:5)
  4 scorpions
  A necrophage (D:5)
  12 wights
  A killer bee (D:9)
  3 howler monkeys (D:9)
  4 hounds
  2 jellies
  A gnoll shaman (D:9)
  An orc priest (D:6)
  A bullfrog skeleton (D:5)
  A centaur skeleton (D:5)
  An iguana (D:5)
  An orc wizard (D:6)
  A bullfrog simulacrum (D:5)
  A scorpion simulacrum (D:5)
  Robin (D:4)
  2 gnolls
  7 adders
  2 shadow imps
  2 white imps
  An ufetubus (D:6)
  2 worms
  5 dart slugs
  10 orcs
  6 ball pythons
  5 endoplasms
  3 giant cockroaches
  18 goblins
  4 hobgoblins
  3 jackals (D:2)
  14 kobolds
  5 quokkas
  11 bats
  3 frilled lizards
  6 rats
198 creatures vanquished.

Vanquished Creatures (collateral kills)
  2 boulder beetles (D:12)
  2 centaur warriors
  3 two-headed ogres
  Pikel (D:9)
  A manticore (D:13)
  Maurice (D:9)
  An orange demon (D:8)
  An unseen horror (D:12)
  A komodo dragon (D:13)
  2 trolls
  A hornet (D:9)
  4 slime creatures
  A wraith (D:10)
  10 yaks
  4 vampire mosquitoes
  2 acid dragons
  A black bear (D:8)
  3 orc warriors (Bailey)
  8 centaurs
  2 lemures (D:9)
  A kobold brigand (D:9)
  A bullfrog (D:8)
  A gnoll sergeant (D:12)
  4 wights
  3 killer bees (D:9)
  An electric eel (D:10)
  A hound (D:7)
  2 orc priests
  2 orc wizards (D:9)
  6 gnolls
  6 orcs
  A goblin (D:10)
  6 kobolds
86 creatures vanquished.

Vanquished Creatures (others)
  4 orc warriors
  4 orc priests
  16 orcs
  19 withered plants (D:5)
43 creatures vanquished.

Grand Total: 327 creatures vanquished

Notes
Turn   | Place    | Note
-------+----------+-------------------------------------------
     0 | D:1      | blackman the Hill Orc Monk began the quest for the Orb.
     0 | D:1      | Reached XP level 1. HP: 19/19 MP: 1/1
   211 | D:1      | Reached XP level 2. HP: 24/26 MP: 2/2
   373 | D:1      | Reached skill level 5 in Axes
  1150 | D:1      | Reached XP level 3. HP: 31/31 MP: 3/3
  1508 | D:2      | Reached skill level 6 in Axes
  1805 | D:2      | Reached XP level 4. HP: 39/39 MP: 4/4
  1952 | D:2      | Found a blossoming altar of Fedhas.
  2167 | D:3      | Noticed a scorpion
  2198 | D:3      | Killed a scorpion
  2199 | D:3      | Reached skill level 7 in Axes
  2199 | D:3      | Reached XP level 5. HP: 20/45 MP: 5/5
  2789 | D:3      | Found the +2 shield of Resistance {rF++ rC++ Will++}
  2919 | D:3      | Found a bloodstained altar of Trog.
  3224 | D:3      | Identified a scroll of acquirement
  3226 | D:3      | Acquired a +0 broad axe of distortion
  3250 | D:3      | Reached skill level 1 in Shields
  3391 | D:4      | Reached skill level 8 in Axes
  3391 | D:4      | Reached XP level 6. HP: 12/51 MP: 6/6
  3400 | D:4      | Became a worshipper of Beogh the Brigand
  3400 | D:4      | Reached * piety under Beogh
  3400 | D:4      | Reached ** piety under Beogh
  3537 | D:4      | Noticed Robin
  3541 | D:4      | Killed Robin
  3966 | D:4      | Noticed Grinder
  3988 | D:4      | Killed Grinder
  3989 | D:4      | Reached skill level 5 in Shields
  3989 | D:4      | Reached XP level 7. HP: 56/57 MP: 7/7
  4110 | D:4      | Reached skill level 9 in Axes
  4451 | D:5      | Entered Level 5 of the Dungeon
  4500 | D:5      | Reached XP level 8. HP: 64/64 MP: 8/8
  5078 | D:5      | Found an ornate altar of the Wu Jian Council.
  5179 | D:5      | Noticed a wraith
  5195 | D:5      | Killed a wraith
  5196 | D:5      | Reached skill level 10 in Axes
  5261 | D:5      | Found the +4 dagger "Morg" {pain, Will+ Int+5}
  5486 | D:6      | Reached XP level 9. HP: 60/70 MP: 9/9
  5845 | D:6      | Reached skill level 11 in Axes
  5963 | D:6      | Found a staircase to the Ecumenical Temple.
  6005 | D:6      | Found a sparkling altar of Nemelex Xobeh.
  6025 | D:6      | Reached *** piety under Beogh
  6058 | D:6      | Found a white marble altar of Elyvilon.
  6464 | D:7      | Noticed Maggie
  6594 | D:7      | Killed Maggie
  6595 | D:7      | Reached skill level 10 in Shields
  7225 | D:8      | Noticed Amaemon
  7225 | D:8      | Noticed an orange demon
  7237 | D:8      | Killed Amaemon
  7237 | D:8      | Killed an orange demon
  7238 | D:8      | Reached skill level 12 in Axes
  7238 | D:8      | Reached XP level 10. HP: 51/77 MP: 10/10
  7478 | D:8      | Found a hazy altar of Hepliaklqana.
  7618 | D:8      | Found a roughly hewn altar of Beogh.
  8483 | D:8      | Found a glowing silver altar of Zin.
  8900 | D:9      | Noticed Maurice
  8902 | D:9      | Noticed a two-headed ogre
  8909 | D:9      | Killed a two-headed ogre
  8910 | D:9      | Reached skill level 13 in Axes
  9269 | D:9      | Killed Maurice
  9293 | D:9      | Noticed Pikel
  9301 | D:9      | Killed Pikel
  9845 | D:9      | Noticed Gastronok
  9856 | D:9      | Killed Gastronok
  9857 | D:9      | Reached skill level 14 in Axes
  9870 | D:9      | Reached XP level 11. HP: 72/82 MP: 11/11
 10642 | D:10     | Entered Level 10 of the Dungeon
 10683 | D:10     | Reached skill level 15 in Axes
 10694 | D:10     | Noticed a two-headed ogre
 10701 | D:10     | Killed a two-headed ogre
 10778 | D:10     | Found a flagged portal.
 10867 | Bailey   | Entered a bailey
 13723 | D:10     | Found a snail-covered altar of Cheibriados.
 14058 | D:10     | Reached skill level 16 in Axes
 14070 | D:10     | Found a staircase to the Lair.
 14103 | D:10     | Reached **** piety under Beogh
 14711 | D:11     | Noticed a two-headed ogre
 14734 | D:11     | Killed a two-headed ogre
 15077 | D:11     | Identified the +1 kite shield of Pride {Contam Regen+ Int+7
                  | Dex+3}
 15187 | D:11     | Noticed a two-headed ogre
 15190 | D:11     | Killed a two-headed ogre
 15191 | D:11     | Reached skill level 15 in Shields
 15550 | D:11     | Reached XP level 12. HP: 81/90 MP: 12/12
 17445 | D:11     | Noticed a two-headed ogre
 17450 | D:11     | Killed a two-headed ogre
 17451 | D:11     | Reached skill level 17 in Axes
 18177 | D:12     | Found a staircase to the Orcish Mines.
 18210 | D:12     | Noticed a boulder beetle
 18216 | D:12     | Killed a boulder beetle
 18219 | D:12     | Noticed a centaur warrior
 18225 | D:12     | Killed a centaur warrior
 18655 | D:12     | Found a portal to a secret trove of treasure.
 18717 | D:12     | Noticed a boulder beetle
 18729 | D:12     | Killed a boulder beetle
 18949 | D:12     | Identified the ring "Jefex" {rN++ rCorr Dex+6}
 19092 | D:13     | Noticed a centaur warrior
 19098 | D:13     | Killed a centaur warrior
 19310 | D:13     | Gained Bogbrand as an ally
 19883 | D:13     | Found Toefem's Magic Scroll Shoppe.
 19888 | D:13     | Bought a scroll of identify for 28 gold pieces
 19888 | D:13     | Bought a scroll of identify for 28 gold pieces
 19888 | D:13     | Bought a scroll of identify for 28 gold pieces
 19888 | D:13     | Bought a scroll of amnesia for 49 gold pieces
 19893 | D:13     | Reached XP level 13. HP: 95/95 MP: 13/13
 20374 | D:14     | Was placed under penance by Beogh
 20387 | D:14     | Slain by a ten-headed hydra

Illustrated notes

Levels and vault maps discovered:
D:1:      psy_arrival_radial02, layout_loops_ring, hangedman_decor_push,
          st_stairs_9, minmay_tetromino_s4
D:2:      layout_basic, basic_altar
D:3:      layout_loops_cross, mainiacjoe_overflow_alcove_4, serial_glass,
          glass_columns_a, glass_columns_b
D:4:      layout_loops_corners, uniq_robin, uniq_grinder
D:5:      layout_loops_ring, nzn_wu_jian_contemplation,
          dilly_guarded_unrand_morg
D:6:      layout_basic, mainiacjoe_overflow_catch_the_wave,
          minmay_temple_entry_offerings
D:7:      layout_loops_ring, uniq_maggie
D:8:      layout_loops_corners, zin_academy, mainiacjoe_overflow_catwalk,
          david_defended_altar_orc, uniq_amaemon
D:9:      minmay_spotlight, layout_rooms, uniq_gastronok, uniq_pikel,
          uniq_maurice
D:10:     layout_basic, mainiacjoe_overflow_small_starburst, erik_lair_island,
          enter_bailey_5
D:11:     layout_stronghold
D:12:     layout_cave_pools, orc_0_dummy, enter_trove_2, st_stairs_1
D:13:     layout_roguey, serial_shops, nicolae_shop_hallway_stairs
D:14:     layout_irregular_city, skrybe_vaults_entry_preservation,
          kiku_gazebo_garden_becter

Skill      XL: |  1  2  3  4  5  6  7  8  9 10 11 12 |
---------------+-------------------------------------+-----
Axes           | 5 6 7 8 9 10 12 14 16 17 | 17.9
Shields        | 2 5 6 9 11 13 15 16 | 16.1
Armour         | 12 | 12.5
Fighting       | |  3.6
Dodging        | |  2.4
Stealth        | |  1.5

Action                   |  1- 3 |  4- 6 |  7- 9 | 10-12 | 13-15 || total
-------------------------+-------+-------+-------+-------+-------++-------
Melee: Hand axe          |   152 |    91 |       |       |       ||   243
       Punch             |     2 |     1 |       |       |       ||     3
       Broad axe         |       |    48 |   150 |   259 |    15 ||   472
Throw: Dart              |       |       |     2 |    12 |       ||    14
       Throwing net      |       |       |       |     3 |       ||     3
       Javelin           |       |       |       |       |     2 ||     2
Invok: Convert to Beogh  |       |     1 |       |       |       ||     1
       Smiting           |       |       |     1 |    10 |       ||    11
Evoke: Wand              |       |     1 |     6 |     9 |       ||    16
  Use: Scroll            |       |     7 |     2 |    12 |     1 ||    22
       Potion            |       |     2 |       |     1 |     2 ||     5
 Stab: Sleeping          |     3 |       |       |       |       ||     3
       Paralysed         |       |     3 |     5 |       |       ||     8
       Distracted        |       |       |       |     2 |       ||     2
Armor: Robe              |    25 |       |       |       |       ||    25
       Chain mail        |    91 |    69 |    70 |   104 |       ||   334
       Skin              |       |    24 |       |       |       ||    24
       Plate armour      |       |       |       |    98 |    20 ||   118
Dodge: Dodged            |    88 |    21 |    21 |    56 |    12 ||   198
Block: Kite shield       |       |    33 |    80 |   254 |    28 ||   395

Table legend: (Time is in decaauts)
 A = Elapsed time spent in this place.
 B = Non-inter-level travel time spent in this place.
 C = Inter-level travel time spent in this place.
 D = Time resting spent in this place.
 E = Time spent auto-exploring this place.
 F = Levels seen in this place.
 G = Mean time per level.
                   A        B        C        D        E       F      G
               +--------+--------+--------+--------+--------+-----+--------+
         Total |  20483 |  19424 |   1059 |   7368 |   9644 |  15 | 1365.5 |
       Dungeon |  18546 |  17487 |   1059 |   5893 |   9500 |  14 | 1324.7 |
        Bailey |   1936 |   1936 |      0 |   1475 |    144 |   1 | 1936.0 |
               +--------+--------+--------+--------+--------+-----+--------+

Top non-repeatable levels by time:
    D:10: 3078 daAuts
     D:8: 2432 daAuts
  Bailey: 1936 daAuts
     D:9: 1586 daAuts
    D:12: 1497 daAuts
    D:11: 1429 daAuts
     D:3: 1256 daAuts
     D:1: 1217 daAuts
     D:6: 1140 daAuts
     D:4: 1116 daAuts
     D:5: 989 daAuts
     D:2: 886 daAuts
    D:13: 849 daAuts
     D:7: 626 daAuts
    D:14: 440 daAuts
